 Dungeon Crawl Stone Soup version 0.28-a0-43-g560ac104fe (webtiles) character file.

Game seed: 4700699996154707757

7406 arson the Grappler (level 10, -11/106 HPs)
             Began as a Troll Berserker on July 28, 2021.
             Was a High Priest of Trog.
             Mangled by a minotaur (15 damage)
             ... in a Gauntlet.
             The game lasted 00:19:47 (6884 turns).

arson the Grappler (Troll Berserker)                Turns: 6884, Time: 00:19:48

Health: -11/106    AC:  5    Str: 27    XL:     10   Next: 92%
Magic:  9/9        EV: 14    Int:  3    God:    Trog [*****.]
Gold:   585        SH:  5    Dex: 12    Spells: 9/9 levels left

rFire   . . .      SeeInvis .     - Unarmed
rCold   . . .      Faith    .   (no shield)
rNeg    . . .      Spirit   .   a - +0 animal skin
rPois   .          Reflect  +   (helmet restricted)
rElec   .          Harm     .   l - +0 cloak
rCorr   .          Rampage  .   (gloves unavailable)
Will    +++..      NoTele   +   (boots unavailable)
Stlth   +.........              D - amulet of reflection
HPRegen 2.27/turn               y - ring of willpower
MPRegen 0.11/turn               u - +4 ring of evasion

@: strong-willed, on berserk cooldown, regenerating, slowed, very slow
A: large, unfitting armour, claws 3, regeneration 1, shaggy fur 1, tough skin 1
a: Renounce Religion, Berserk, Trog's Hand, Brothers in Arms


You were in a Gauntlet.
You worshipped Trog.
Trog was extremely pleased with you.
You visited 1 branch of the dungeon, and saw 10 of its levels.
You also visited: Gauntlet.

You collected 585 gold pieces.

Inventory:

Missiles
 w - 2 throwing nets (quivered)
Armour
 a - a +0 animal skin (worn)
 j - a +0 kite shield
 l - a +0 cloak (worn)
 E - a scarf of invisibility
Jewellery
 q - a +6 ring of intelligence
 u - a +4 ring of evasion (right claw)
 y - a ring of willpower (left claw)
 z - an amulet of guardian spirit
 D - an amulet of reflection (around neck)
 F - a +4 ring of evasion
 I - a ring of resist corrosion
 J - a ring of protection from cold
Wands
 m - a wand of charming (11)
 p - a wand of iceblast (5)
 x - a wand of flame (33)
 B - a wand of mindburst (10)
Scrolls
 d - a scroll of amnesia
 e - a scroll of immolation {unknown}
 f - 2 scrolls of magic mapping
 g - 2 scrolls of enchant weapon {unknown}
 h - 3 scrolls of teleportation
 k - a scroll of enchant armour {unknown}
 r - 2 scrolls of fear
 C - 2 scrolls of vulnerability
 G - a scroll of acquirement {unknown}
Potions
 c - 4 potions of heal wounds
 i - 3 potions of might
 n - 2 potions of brilliance
 o - 4 potions of lignification
 s - 4 potions of curing
 t - 2 potions of resistance {unknown}
 v - a potion of mutation {unknown}
 A - 2 potions of flight
 H - a potion of attraction {unknown}


   Skills:
 - Level 8.9 Fighting
 - Level 2.4 Dodging
 + Level 8.0 Shields
 - Level 10.0 Unarmed Combat


You had 9 spell levels left.
You didn't know any spells.
Your spell library was empty.

Dungeon Overview and Level Annotations

Branches:
Dungeon (11/15)            Temple (0/1) D:7            Lair (0/6) D:11
    Orc (0/2) D:11        Gauntlet (1/1)

Altars:
Gozag
Nemelex Xobeh

Shops:
D:6 *   D:9 [

Annotations:
D:5 3 runed translucent doors, CowFu's ghost, novice DDNe Gauntlet 10 transporters, 21 runed translucent doors, exclusion: lightning spire


Innate Abilities, Weirdness & Mutations

You are too large for most types of armour.
You have claws for hands.
Your natural rate of healing is unusually fast.
You are covered in fur. (AC +1)
You have tough skin. (AC +1)


Message History

The minotaur is heavily wounded.
You feel sick.
You barely miss the minotaur.
The minotaur furiously retaliates!
The minotaur headbutts you!
The minotaur is heavily wounded.
You feel sick.
You claw the minotaur!
The minotaur is heavily wounded.
You feel sick. You block the minotaur's attack.
The minotaur completely misses you.
You barely miss the minotaur. Your claw misses the minotaur.
The minotaur is heavily wounded.
You feel sick.
The minotaur hits you with a +5 rapier of venom!!
* * * LOW HITPOINT WARNING * * *
You are more poisoned.
The minotaur gores you!
* * * LOW HITPOINT WARNING * * *
You are too berserk!
Okay, then.
Unknown command.
Unknown command.
You are too berserk!
You feel very sick.
You feel a strong urge to attack something.
You feel very sick.
You are no longer berserk.
You are exhausted.
You feel yourself slow down.
You feel very sick.
You feel better.
Throw: 3 throwing nets
Press: ? - help, Q - select action, (/) - cycle Shift-Dir - straight line, f - minotaur
Aim: a minotaur, wielding a +5 rapier of venom, wearing +0 shadow dragon scales and quivering javelins (heavily wounded, 72% to hit)
You throw a throwing net.
The throwing net barely misses the minotaur.
The minotaur hits you with a +5 rapier of venom!
* * * LOW HITPOINT WARNING * * *
The minotaur gores you!
You die...

#..#...... #..#......
#####..#.....^
#≈8≈#..#......
########...#..#....©.
#........8.####......
##.##.###.....©#......
#8........8.####......
#....@#.#...#..#^.([©.
########H#.#.8.#..#######
8}8:8.8#...#...#≈........
∩......'.###.8.#∩........
8)8[8.8#...#...#≈........
########.#.#.8.#..#######
..#.#...#..#...=h) .(. .
8.####....8. ##.# #.
..©#..#+++


You could see a minotaur.

Vanquished Creatures
  A green death (Gauntlet)
  A hydra (D:11)
  A two-headed ogre (D:5)
  A soul eater (Gauntlet)
  Pikel (D:7)
  Grinder (D:3)
  A shadow (D:11)
  4 vampire mosquitoes (D:11)
  A water moccasin (D:5)
  4 orc warriors
  2 black bears (D:6)
  An ice beast (D:7)
  A sky beast (D:8)
  2 ogres (D:4)
  A phantom (D:6)
  A lemure (D:7)
  A kobold brigand (D:8)
  2 bullfrogs (D:7)
  2 gnoll sergeants
  4 scorpions
  9 killer bees
  2 howler monkeys
  2 centaur zombies
  A bullfrog skeleton (D:5)
  A jelly (D:7)
  4 hounds
  4 orc priests
  A gnoll shaman (D:5)
  Terence (D:3)
  5 orc wizards
  A howler monkey zombie (D:9)
  31 gnolls
  5 adders
  3 shadow imps (Gauntlet)
  A white imp (D:4)
  3 ufetubi
  An adder skeleton (D:4)
  A dart slug (D:4)
  37 orcs
  5 endoplasms
  4 goblins
  4 hobgoblins
  17 jackals
  12 kobolds
  4 quokkas
  5 ball pythons
  5 bats
  8 frilled lizards
  A quokka skeleton (D:4)
  6 rats
217 creatures vanquished.

Vanquished Creatures (others)
  14 withered plants (Gauntlet)
14 creatures vanquished.

Grand Total: 231 creatures vanquished

Notes
Turn   | Place    | Note
-------+----------+-------------------------------------------
     0 | D:1      | arson the Troll Berserker began the quest for the Orb.
     0 | D:1      | Reached XP level 1. HP: 22/22 MP: 0/0
   373 | D:1      | Reached XP level 2. HP: 29/29 MP: 1/1
  1131 | D:2      | Reached ** piety under Trog
  1132 | D:2      | Reached XP level 3. HP: 37/37 MP: 2/2
  1512 | D:3      | Found a faded altar of an unknown god.
  1515 | D:3      | Noticed Terence
  1522 | D:3      | Killed Terence
  1523 | D:3      | Reached skill level 4 in Unarmed Combat
  1523 | D:3      | Reached XP level 4. HP: 40/45 MP: 3/3
  1753 | D:3      | Noticed a scorpion
  1754 | D:3      | Noticed a phantom
  1766 | D:3      | Noticed Grinder
  1778 | D:3      | Killed Grinder
  1779 | D:3      | Reached skill level 5 in Unarmed Combat
  1779 | D:3      | Reached XP level 5. HP: 41/55 MP: 4/4
  1779 | D:3      | Reached XP level 6. HP: 47/63 MP: 5/5
  2064 | D:4      | HP: 2/94 [ogre (12)]
  2223 | D:4      | Reached skill level 6 in Unarmed Combat
  2289 | D:4      | Reached skill level 5 in Fighting
  2289 | D:4      | Reached XP level 7. HP: 72/72 MP: 6/6
  2513 | D:3      | Reached *** piety under Trog
  2737 | D:5      | Entered Level 5 of the Dungeon
  2843 | D:5      | Reached skill level 7 in Unarmed Combat
  2879 | D:5      | Reached XP level 8. HP: 80/83 MP: 7/7
  2981 | D:5      | Found a runed translucent gate.
  2981 | D:5      | Found a runed translucent gate.
  2981 | D:5      | Found a runed translucent gate.
  2986 | D:5      | Noticed CowFu's ghost (novice DDNe)
  3211 | D:5      | Noticed a two-headed ogre
  3223 | D:5      | Killed a two-headed ogre
  3224 | D:5      | Reached skill level 8 in Unarmed Combat
  3460 | D:5      | Reached XP level 9. HP: 93/93 MP: 8/8
  3623 | D:5      | Reached skill level 9 in Unarmed Combat
  3682 | D:5      | Reached **** piety under Trog
  3799 | D:5      | Found a sparkling altar of Nemelex Xobeh.
  4353 | D:6      | Found Gozag's Platinum Reserve.
  4467 | D:6      | Found an opulent altar of Gozag.
  5150 | D:7      | Found a staircase to the Ecumenical Temple.
  5202 | D:7      | Noticed Pikel
  5213 | D:7      | Killed Pikel
  5214 | D:7      | Reached skill level 10 in Unarmed Combat
  5368 | D:8      | Reached skill level 1 in Shields
  6050 | D:9      | Reached XP level 10. HP: 106/106 MP: 9/9
  6100 | D:9      | Found Tyusa's Antique Armour Emporium.
  6131 | D:9      | You fall into a shaft and drop 2 floors!
  6142 | D:11     | Reached ***** piety under Trog
  6209 | D:11     | Reached skill level 5 in Shields
  6253 | D:11     | Noticed a five-headed hydra
  6263 | D:11     | Killed a ten-headed hydra
  6286 | D:11     | Found a gate leading to a gauntlet.
  6330 | Gauntlet | Entered a Gauntlet
  6330 | Gauntlet | Found a transporter.
  6330 | Gauntlet | Found a transporter.
  6332 | Gauntlet | Noticed a worldbinder
  6335 | Gauntlet | Found a transporter.
  6335 | Gauntlet | Found a transporter.
  6344 | Gauntlet | Found a transporter.
  6350 | Gauntlet | Noticed a death scarab
  6360 | Gauntlet | Noticed a smoke demon
  6369 | Gauntlet | Found a large runed translucent door.
  6369 | Gauntlet | Found a transporter.
  6370 | Gauntlet | Found a large runed translucent door.
  6371 | Gauntlet | Found a large runed translucent door.
  6371 | Gauntlet | Found a large runed translucent door.
  6372 | Gauntlet | Found a transporter.
  6373 | Gauntlet | Found a runed translucent gate.
  6374 | Gauntlet | Found a transporter.
  6374 | Gauntlet | Found a transporter.
  6374 | Gauntlet | Found a runed translucent gate.
  6375 | Gauntlet | Noticed a green death
  6378 | Gauntlet | Found a transporter.
  6382 | Gauntlet | Found a runed translucent gate.
  6384 | Gauntlet | Found a large runed translucent door.
  6385 | Gauntlet | Found a large runed translucent door.
  6389 | Gauntlet | Found a large runed translucent door.
  6390 | Gauntlet | Found a large runed translucent door.
  6396 | Gauntlet | Found a large runed translucent door.
  6396 | Gauntlet | Found a large runed translucent door.
  6396 | Gauntlet | Found a runed translucent door.
  6396 | Gauntlet | Found a runed translucent door.
  6397 | Gauntlet | Found a large runed translucent door.
  6398 | Gauntlet | Found a large runed translucent door.
  6400 | Gauntlet | Found a transporter.
  6418 | Gauntlet | Noticed a soul eater
  6443 | Gauntlet | Found a transporter.
  6456 | Gauntlet | Found a transporter.
  6470 | Gauntlet | Found a transporter.
  6571 | Gauntlet | Found a transporter.
  6591 | Gauntlet | Found a transporter.
  6601 | Gauntlet | Found a large runed translucent door.
  6601 | Gauntlet | Found a large runed translucent door.
  6602 | Gauntlet | Found a large runed translucent door.
  6603 | Gauntlet | Found a large runed translucent door.
  6695 | Gauntlet | Killed a soul eater
  6732 | Gauntlet | Noticed a fire crab
  6765 | Gauntlet | a fire crab changed into a queen bee
  6809 | Gauntlet | Killed a green death
  6866 | Gauntlet | Noticed a minotaur
  6884 | Gauntlet | HP: 4/106 [minotaur (17)]
  6884 | Gauntlet | Mangled by a minotaur

Illustrated notes

Levels and vault maps discovered:
D:1:      tarquinn_simple_flora_water_f, layout_basic
D:2:      layout_rooms, minmay_bisected
D:3:      layout_basic, shapermc_ecumenical_altar_acropolis,
          nrook_mini_backslash, minmay_misc_feat_rugged,
          amcnicky_mini_rare_corridor_liquid, lightli_corner_chamber,
          uniq_grinder, uniq_terence
D:4:      layout_basic, minmay_bent
D:5:      lemuel_castle_with_subvaults [lemuel_castle_interior_original],
          layout_cave_pools, nemelex_spade_bored_becter,
          gammafunk_ghost_necromancy
D:6:      kennysheep_spiral_hall, layout_loops_ring,
          nicolae_gozag_zags_fifth_avenue, minivault_1, minivault_11
D:7:      layout_loops_ring, minmay_temple_entry_enclosed_plants,
          grunt_decor_cap, uniq_pikel
D:8:      layout_gridville
D:9:      layout_roguey, jmf_multi_god_temple2, gammafunk_ghost_abyssal_escape,
          serial_shops, shop
D:11:     layout_roguey [special_room_orc], dpeg_oklobed_lair, orc_david_3,
          gammafunk_ghost_hydra_chop, gauntlet_entry_generic,
          kennysheep_crisscross
Gauntlet: gammafunk_gauntlet_branching [nicolae_gauntlet_arena_flowing_pool,
          gammafunk_gauntlet_arena_arrow_garden, nicolae_gauntlet_arena_grate_2,
          gammafunk_gauntlet_arena_split_x, nicolae_gauntlet_arena_blocks,
          gammafunk_gauntlet_arena_split_diamond,
          minmay_gauntlet_arena_make_your_own_arena,
          gammafunk_gauntlet_arena_open, nicolae_gauntlet_exit_dead_adventurers]

Skill      XL: |  1  2  3  4  5  6  7  8  9 10 |
---------------+-------------------------------+-----
Fighting       | 3 4 5 6 7 8 |  8.9
Unarmed Combat | 4 5 6 7 8 10 | 10.0
Shields        | 3 8 |  8.0
Dodging        | |  2.4

Action                   |  1- 3 |  4- 6 |  7- 9 | 10-12 || total
-------------------------+-------+-------+-------+-------++-------
Melee: Unarmed           |    94 |    51 |   297 |   103 ||   545
       Punch             |     2 |     3 |     8 |     5 ||    18
Throw: Throwing net      |       |       |       |     2 ||     2
Invok: Trog's Hand       |       |     1 |     1 |     3 ||     5
       Berserk           |       |     1 |     6 |     6 ||    13
  Use: Scroll            |       |       |       |    11 ||    11
       Potion            |       |       |       |     1 ||     1
 Stab: Sleeping          |       |       |     1 |       ||     1
       Held in net/web   |       |       |       |     1 ||     1
Armor: Animal skin       |    24 |     7 |    60 |    20 ||   111
Dodge: Dodged            |    38 |    16 |   186 |    48 ||   288
Block: Other             |       |       |    11 |    27 ||    38
       Reflection        |       |       |     3 |       ||     3

Table legend: (Time is in decaauts)
 A = Elapsed time spent in this place.
 B = Non-inter-level travel time spent in this place.
 C = Inter-level travel time spent in this place.
 D = Time resting spent in this place.
 E = Time spent auto-exploring this place.
 F = Levels seen in this place.
 G = Mean time per level.
                   A        B        C        D        E       F      G
               +--------+--------+--------+--------+--------+-----+--------+
         Total |   6917 |   6615 |    302 |    620 |   4267 |  11 |  628.8 |
       Dungeon |   6345 |   6043 |    302 |    588 |   3961 |  10 |  634.5 |
      Gauntlet |    571 |    571 |      0 |     32 |    306 |   1 |  571.0 |
               +--------+--------+--------+--------+--------+-----+--------+

Top non-repeatable levels by time:
     D:5: 1243 daAuts
     D:1: 1016 daAuts
     D:3: 791 daAuts
     D:7: 748 daAuts
     D:8: 675 daAuts
     D:6: 644 daAuts
     D:4: 577 daAuts
Gauntlet: 571 daAuts
     D:2: 357 daAuts
    D:11: 198 daAuts
     D:9: 93 daAuts
